Map: Inside and Out

Players

PandaBearMe

  • Race: Zerg Zerg
  • Spawn Location: 1:00

Raza - Winner!

  • Race: Terran Terran
  • Spawn Location: 7:00

Event: DreamHack SC2 Masters 2022 Atlanta (Offline)

VOD

Have the link to the VOD?

Description

Time

  • Played on: Nov. 18, 2022, 10:21 a.m.
  • Length: 13:56

All games in this series

Show
View Real Time Build Order
Export as new Build Order

PandaBearMe Zerg 

Build Orders: Hatch First 

Get SALT Encoding   

  12  0:00  Drone  
  13  0:14  Overlord  
  13  0:17  Drone  
  14  0:33  Drone x2  
  16  0:48  Hatchery  
  15  0:52  Drone  
  15  0:56  Drone  
  17  1:00  Drone  
  17  1:03  Extractor  
  17  1:16  Spawning Pool  
  16  1:18  Drone  
  16  1:23  Drone  
  18  1:30  Drone  
  19  1:40  Drone  
  20  1:53  Overlord  
  20  2:02  Queen  
  20  2:03  Queen  
  20  2:06  Metabolic Boost  
  20  2:07  Zergling x2  
  25  2:09  Zergling x2  
  25  2:15  Drone x2  
  28  2:24  Spore Crawler  
  27  2:37  Hatchery  
  27  2:43  Queen  
  27  2:45  Drone  
  27  2:49  Drone  
  27  2:50  Drone  
  30  2:55  Overlord  
  30  3:03  Zergling x2  
  30  3:04  Drone x2  
  33  3:07  Drone  
  33  3:09  Drone  
  35  3:16  Overlord  
  35  3:17  Drone  
  35  3:19  Drone  
  37  3:34  Zergling x4  
  39  3:36  Overlord  
  39  3:37  Drone  
  39  3:44  Queen x2  
  39  3:46  Zergling x4  
  45  3:51  Zergling x2  
  45  3:52  Zergling x6  
  45  3:55  Drone x2  
  51  3:58  Drone  
  52  4:06  Drone x2  
  54  4:16  Overlord  
  54  4:17  Drone x2  
  56  4:19  Drone  
  57  4:24  Overlord  
  57  4:34  Drone x5  
  57  4:37  Drone x4  
  63  4:43  Drone  
  63  4:45  Lair, Drone  
  62  4:46  Queen  
  62  4:49  Overlord  
  62  4:50  Drone  
  62  4:54  Baneling Nest, Extractor  
  62  4:57  Spore Crawler  
  62  4:58  Drone  
  62  4:59  Spore Crawler, Drone x2  
  61  5:00  Drone  
  61  5:03  Drone  
  61  5:05  Drone x2  
  65  5:09  Queen  
  65  5:10  Drone  
  65  5:13  Spore Crawler  
  65  5:14  Drone  
  68  5:15  Zergling x2  
  68  5:17  Zergling x2  
  68  5:19  Zergling x2  
  72  5:21  Zergling x2  
  72  5:28  Extractor  
  72  5:29  Drone  
  72  5:30  Drone x5  
  72  5:32  Drone x2, Extractor  
  78  5:37  Zergling x2  
  78  5:40  Zergling x4  
  79  5:43  Zergling x4, Queen  
  79  5:45  Overseer  
  79  5:48  Baneling x3  
  77  5:52  Zergling x8  
  79  6:00  Zergling x4  
  79  6:01  Baneling x4  
  79  6:02  Baneling x3  
  80  6:05  Zergling x4  
  80  6:09  Zergling x8  
  80  6:10  Zergling x2  
  83  6:12  Queen  
  83  6:13  Queen  
  80  6:26  Hatchery  
  80  6:27  Spire, Extractor  
  80  6:31  Drone x5  
  80  6:32  Drone x2  
  84  6:33  Drone  
  85  6:45  Centrifugal Hooks, Extractor  
  85  6:47  Hatchery, Evolution Chamber x2  
  82  6:49  Drone  
  82  6:59  Drone x5  
  82  7:00  Overlord x3  
  87  7:07  Overlord  
  87  7:14  Zerg Melee Weapons Level 1  
  87  7:15  Zerg Ground Armor Level 1  
  86  7:20  Overlord  
  86  7:21  Drone x3  
  89  7:23  Zergling x12  
  95  7:41  Drone x11, Overlord  
  106  7:47  Drone x2  
  106  7:49  Zerg Flyer Weapons Level 1  
  108  7:56  Spore Crawler  
  108  7:57  Burrow  
  108  7:58  Pneumatized Carapace  
  107  8:01  Baneling x6  
  107  8:04  Zergling x20  
  117  8:06  Baneling x3  
  117  8:07  Baneling  
  117  8:08  Zergling x8  
  117  8:11  Baneling  
  117  8:12  Baneling x3  
  121  8:13  Overlord  
  119  8:26  Overlord x4  
  119  8:40  Zergling x2  
  119  8:41  Zergling x14  
  114  8:51  Zergling x4  
  114  8:52  Zergling x22  
  120  9:00  Baneling x12  
  120  9:04  Mutalisk  
  120  9:05  Mutalisk x9  
  140  9:15  Zergling x14  
  147  9:20  Mutalisk x2  
  151  9:25  Zergling x2  
  151  9:26  Zergling x8  
  151  9:27  Zerg Melee Weapons Level 2, Hatchery  
  155  9:33  Spine Crawler  
  155  9:35  Spore Crawler  
  151  9:40  Zergling x14  
  151  9:41  Zergling x2  
  151  9:52  Mutalisk  
  151  9:53  Mutalisk x2  
  151  9:58  Overlord x3  
  157  10:01  Zerg Flyer Weapons Level 2  
  157  10:03  Zergling x2  
  158  10:09  Baneling  
  158  10:10  Baneling x8  
  158  10:14  Overlord  
  158  10:15  Overlord  
  157  10:21  Zergling x6  
  157  10:22  Zergling x26  
  157  10:28  Baneling x9  
  167  10:30  Zergling x8, Drone  
  167  10:31  Zergling x4  
  159  10:40  Mutalisk x2  
  163  10:46  Mutalisk  
  163  10:49  Zergling x24  
  175  10:54  Baneling x5  
  175  10:55  Baneling x3  
  168  11:01  Mutalisk  
  149  11:16  Zergling x2  
  149  11:17  Zergling x26  
  123  11:28  Zergling x16  
  123  11:29  Zergling x2  
  123  11:30  Zergling x4  
  123  11:32  Zergling x6  
  132  11:35  Zergling x4  
  132  11:36  Baneling x10  
  132  11:37  Zergling x4, Baneling x4  
  136  11:40  Zergling x2  
  136  11:41  Zergling x2  
  136  11:44  Zergling x6  
  136  11:45  Zergling x2  
  142  11:51  Baneling x3  
  141  11:55  Zergling x18  
  149  12:02  Zergling x2  
  149  12:06  Zergling x14  
  145  12:13  Hatchery  
  131  12:18  Zergling x2  
  131  12:19  Zergling x12  
  128  12:25  Mutalisk x5  
  129  12:32  Mutalisk x5  
  129  12:33  Mutalisk  
  129  12:35  Zergling x2  
  129  12:36  Zergling x4  
  134  12:40  Zergling x2  
  134  12:41  Zergling x2  
  134  12:43  Zergling x2  
  134  12:44  Zergling x2  
  138  12:50  Baneling  
  138  12:51  Baneling x5  
  138  12:52  Baneling x6  
  138  12:56  Zergling x10  
  144  12:58  Overseer  
  144  12:59  Overseer  
  144  13:02  Hatchery  
  142  13:06  Zergling x6  
  142  13:07  Zergling x16  
  153  13:16  Zergling x2  
  153  13:17  Zergling x6  
  157  13:21  Baneling  
  157  13:22  Baneling x7  
  157  13:23  Baneling  
  157  13:24  Baneling x2  
  157  13:26  Baneling  
  157  13:28  Zergling x4  
  159  13:35  Zergling x8  
Show
View Real Time Build Order
Export as new Build Order

Raza Terran - Winner!

Build Orders: Reaper Expand, Hellion Banshee 

Get SALT Encoding   

  12  0:00  SCV  
  13  0:12  SCV  
  14  0:16  Supply Depot  
  14  0:24  SCV  
  15  0:38  SCV  
  15  0:39  Barracks  
  16  0:43  Refinery  
  16  0:50  SCV  
  17  1:02  SCV  
  18  1:14  SCV  
  19  1:26  Reaper  
  19  1:27  Orbital Command  
  20  1:40  Command Center  
  20  1:48  Supply Depot  
  20  1:52  SCV  
  21  1:58  Marine  
  22  2:05  SCV  
  23  2:12  Factory  
  23  2:17  SCV  
  23  2:20  Barracks Reactor  
  24  2:29  SCV  
  25  2:41  SCV  
  25  2:43  Command Center  
  26  2:53  Orbital Command  
  26  2:54  SCV  
  27  3:00  Starport  
  27  3:02  Refinery  
  27  3:06  SCV  
  27  3:11  Hellion  
  30  3:17  Hellion  
  30  3:18  SCV  
  34  3:20  SCV  
  34  3:22  Barracks Tech Lab  
  34  3:30  SCV  
  35  3:38  SCV  
  36  3:42  Hellion x2  
  36  3:44  SCV  
  41  3:50  SCV  
  41  3:53  Banshee  
  41  3:54  Cloaking Field  
  45  3:57  SCV  
  46  4:03  Orbital Command  
  46  4:08  Hellion  
  48  4:10  SCV  
  48  4:11  SCV  
  48  4:14  Hellion  
  52  4:21  Barracks Tech Lab  
  52  4:22  SCV  
  52  4:23  SCV  
  54  4:27  Supply Depot  
  54  4:28  Orbital Command  
  53  4:32  Hellion  
  53  4:35  SCV  
  53  4:36  Hellion  
  50  4:49  SCV  
  50  4:50  SCV  
  52  4:55  Banshee  
  52  4:57  SCV  
  52  4:58  Hellion x2  
  60  5:02  Armory  
  60  5:03  SCV  
  61  5:13  SCV x2  
  63  5:15  Supply Depot x2, SCV  
  64  5:25  SCV, Marine  
  64  5:26  Stimpack  
  66  5:29  SCV  
  66  5:30  Barracks  
  67  5:35  Factory Reactor  
  67  5:38  Barracks  
  67  5:42  SCV  
  68  5:50  SCV  
  69  6:00  SCV  
  67  6:07  SCV, Starport Reactor  
  67  6:08  SCV  
  65  6:12  SCV  
  65  6:17  Supply Depot  
  64  6:18  Engineering Bay  
  64  6:19  Engineering Bay  
  64  6:20  SCV x2, Refinery  
  64  6:21  Refinery  
  64  6:24  SCV  
  57  6:25  Supply Depot  
  57  6:26  Marine x3  
  57  6:27  Supply Depot  
  57  6:32  SCV  
  57  6:35  Marine x2  
  57  6:37  Siege Tank  
  62  6:40  SCV, Barracks  
  62  6:41  Barracks  
  62  6:44  Marine x2  
  66  6:51  Terran Infantry Armor Level 1, Terran Infantry Weapons Level 1  
  66  6:52  Orbital Command, Marine  
  66  6:53  Marine  
  67  6:56  Marine  
  67  7:01  Medivac  
  70  7:02  Marine  
  70  7:04  Medivac  
  70  7:08  Marine  
  72  7:10  SCV x2, Marine  
  72  7:13  Combat Shield  
  76  7:22  SCV x2  
  77  7:27  Siege Tank  
  77  7:28  SCV  
  77  7:29  Refinery  
  82  7:30  Supply Depot  
  82  7:31  Supply Depot  
  82  7:33  Marine x2  
  82  7:34  SCV  
  82  7:35  SCV  
  86  7:39  Medivac  
  86  7:40  SCV  
  86  7:42  Marine x2  
  91  7:45  Supply Depot, Medivac  
  91  7:46  SCV, Marine  
  91  7:50  Marine  
  96  7:51  SCV  
  96  7:52  Barracks Reactor  
  96  7:53  Barracks Reactor, Refinery  
  96  7:55  SCV  
  98  7:58  SCV  
  98  8:03  SCV  
  98  8:04  Siege Tank  
  103  8:06  Marine x2  
  103  8:07  SCV  
  103  8:10  Command Center  
  103  8:11  Supply Depot  
  106  8:14  Medivac  
  106  8:15  Marine x3  
  106  8:19  Factory  
  111  8:23  Marine  
  111  8:24  Marine  
  112  8:29  Marine x2  
  112  8:30  SCV  
  112  8:32  Marine x2  
  112  8:33  Bunker  
  117  8:34  Supply Depot, Marine x3  
  117  8:35  SCV  
  117  8:37  SCV  
  117  8:39  Siege Tank  
  120  8:41  Marine x2  
  120  8:47  Marine x2  
  119  8:50  Marine x2  
  119  8:52  Marine x2  
  119  8:53  Marine  
  119  8:55  Terran Infantry Weapons Level 2  
  120  8:57  Terran Infantry Armor Level 2  
  120  8:59  Marine x2  
  122  9:05  Marine x2  
  122  9:07  Liberator  
  122  9:08  Marine x2  
  129  9:10  Terran Vehicle Weapons Level 1  
  129  9:13  Medivac  
  129  9:14  Marine  
  129  9:15  Marine x2  
  134  9:20  Factory Tech Lab  
  134  9:21  Marine x2  
  134  9:23  Marine  
  137  9:25  Marine  
  137  9:27  Marine  
  137  9:28  SCV, Marine  
  141  9:32  Marine  
  141  9:33  Marine x2  
  141  9:36  Siege Tank  
  145  9:39  Marine x2  
  145  9:44  Marine x2  
  147  9:45  Marine  
  147  9:47  Marine  
  147  9:50  Marine  
  147  9:51  Medivac x2, Marine x2  
  152  9:56  Missile Turret  
  152  9:57  Missile Turret, Marine  
  153  10:01  Missile Turret  
  153  10:02  Planetary Fortress  
  153  10:07  Marine x2  
  153  10:11  SCV  
  156  10:15  Supply Depot  
  156  10:17  Drilling Claws  
  156  10:18  SCV, Missile Turret  
  156  10:19  Widow Mine  
  159  10:21  Widow Mine  
  159  10:24  Marine x3  
  159  10:27  Marine x2  
  159  10:28  Marine  
  160  10:29  Marine x2  
  160  10:31  Marine  
  145  10:38  SCV x2  
  145  10:40  Widow Mine  
  145  10:41  Sensor Tower  
  145  10:42  Marine  
  150  10:43  Missile Turret, Marine x2  
  150  10:46  Missile Turret, Medivac  
  154  10:50  Marine x4  
  151  11:00  Thor  
  151  11:01  Marine x5  
  160  11:06  Medivac  
  160  11:07  Marine  
  158  11:15  Marine  
  158  11:16  Medivac, Marine  
  158  11:17  Marine  
  149  11:18  Marine  
  149  11:19  Marine x3  
  150  11:25  Marine  
  150  11:28  Thor  
  141  11:33  Marine  
  141  11:36  Marine x2  
  141  11:38  Marine  
  144  11:40  Marine x2  
  144  11:43  SCV x2  
  144  11:44  Marine x2  
  144  11:46  Marine  
  151  11:50  Marine  
  151  11:54  Marine x2  
  152  11:56  Marine  
  152  11:57  Marine  
  152  11:59  Widow Mine, Marine  
  157  12:02  Marine x2  
  157  12:03  Marine  
  144  12:12  Marine  
  144  12:13  Marine x2  
  144  12:14  Marine  
  144  12:15  Marine  
  133  12:17  Marine  
  133  12:20  Marine x2  
  133  12:21  Marine  
  133  12:22  Medivac x2  
  126  12:27  Widow Mine  
  120  12:30  Marine  
  120  12:31  Marine x3  
  120  12:33  Marine  
  120  12:35  Thor, Marine  
  132  12:38  Marine x2  
  132  12:39  Marine  
  132  12:42  SCV  
  136  12:47  Marine  
  136  12:49  Barracks x2, Marine x3  
  136  12:51  Barracks, Widow Mine, Marine  
  142  12:53  Medivac, Marine  
  142  12:55  Medivac  
  142  12:56  Marine x2  
  142  12:57  SCV  
  151  13:05  Marine x2  
  152  13:06  Marine  
  152  13:11  Marine x4  
  152  13:12  Widow Mine  
  160  13:13  Marine  
  160  13:14  Marine  
  162  13:23  Marine x2  
  164  13:31  Marine x6  
  164  13:32  Supply Depot x2, Marine  
  171  13:34  Supply Depot  
  169  13:46  Command Center  
  164  13:53  Missile Turret  
  164  13:54  Missile Turret  
Tags
 
Add a new tag
Caveats
  • Supply blocks, unpowered buildings, or Contaminate may cause inaccurate times.
  • Supply counts are checked every 10 seconds.